 Dungeon Crawl Stone Soup version 0.14-a0-2443-g5aee772 (webtiles) character file.

178 Psiweapon the Practitioner (level 3, -4/18 HPs)
             Began as a Vine Stalker Healer on Feb 5, 2014.
             Was a Believer of Elyvilon.
             Slain by Sigmund
             ... wielding a +2,+0 scythe
              (9 damage)
             ... on Level 2 of the Dungeon on Feb 6, 2014.
             The game lasted 00:09:20 (1242 turns).

Psiweapon the Practitioner (Vine Stalker Healer)    Turns: 1242, Time: 00:09:20

HP  -4/18        AC  3     Str 15      XL: 3   Next: 91%
MP   0/6         EV 12     Int 12      God: Elyvilon [**....]
Gold 124         SH  0     Dex 13      Spells:  0 memorised,  2 levels left

rFire  . . .     SeeInvis .     e - +0 elf dagger
rCold  . . .     Clarity  .     a - +1 robe
rNeg   . . .     Conserve .     (no shield)
rPois  .         rCorr    .     (no helmet)
rElec  .         rRot     +     (no cloak)
SustAb . .       Spirit   +     (no gloves)
rMut   .         Warding  .     (no boots)
Saprov . . .     Stasis   .     f - amulet of faith
MR     .....                    (no ring)
                                m - cursed ring of hunger

@: mildly poisoned, not resistant to hostile enchantments, fairly stealthy
A: fangs 2, regeneration 1, magic shield, antimagic bite, no device heal
a: Lesser Healing, Lesser Self-Healing, Divine Protection, Purification,
Renounce Religion


You were on level 2 of the Dungeon.
You worshipped Elyvilon.
Elyvilon was pleased with you.
You were starving.

You visited 1 branch of the dungeon, and saw 2 of its levels.

You collected 124 gold pieces.

Inventory:

Hand weapons
 e - a +0,+0 elven dagger (weapon)
 k - a +0,+0 short sword
Missiles
 i - 3 bolts
Armour
 a - a +1 robe (worn)
Comestibles
 d - 2 bread rations
 h - 6 sultanas
Scrolls
 c - a scroll of curse jewellery {unknown}
 g - a scroll of enchant armour {unknown}
 j - 3 scrolls of identify {unknown}
 n - 2 scrolls of recharging {unknown}
Jewellery
 f - an amulet of faith (around neck)
 m - a cursed ring of hunger (left hand)
Potions
 b - a potion of curing
 l - 2 potions of brilliance {unknown}


   Skills:
 + Level 1.7 Fighting
 + Level 2.1 Dodging
 + Level 1.8 Stealth
 + Level 3.2 Invocations


You had 2 spell levels left.
You didn't know any spells.

Dungeon Overview and Level Annotations

Branches:
Dungeon (2/16)

Altars:

Annotations:
D:2 Sigmund


Innate Abilities, Weirdness & Mutations

You have extremely sharp teeth.
Your natural rate of healing is unusually fast.
When hurt, damage is shared between your health and your magic reserves.
Your bite disrupts and absorbs the magic of your enemies.
Potions and wands cannot restore your HP.


Message History

Sigmund is completely unfazed by your meager offer of peace.
You are starving!
The adder closely misses you.
Sigmund hits you from afar with a scythe!
Use which ability? (? or * to list) You're too hungry.
The adder closely misses you. The hobgoblin closely misses you.
The adder barely misses you. Sigmund barely misses you.
You hit the adder but do no damage.
The adder is severely wounded.
The hobgoblin barely misses you. The adder bites you.
You hit the adder but do no damage. Your bite misses the adder.
The adder is severely wounded.
The adder bites you.
* * * LOW HITPOINT WARNING * * *
You are poisoned.
The adder poisons you!
Sigmund hits you from afar with a scythe!
Ouch! That really hurt!
You die...

. #. .# . .##. ## .##.....
#. ....... # #. #.....
#.##.##..@# ....(....S.#
#.##@#.# # #....g.#.# .
###......# ... #...#### #..#
#...# ###.# .## #...#
....### ... #...#
#####.....#
##.#####>..#####..........
#.#....g.......)....#..#.#..


You could see Sigmund, an adder and a hobgoblin.

Vanquished Creatures
  An adder (D:2)
  A giant gecko (D:2)
  3 bats
  2 goblins (D:1)
  5 hobgoblins
  3 jackals (D:2)
  A kobold (D:1)
  2 rats
18 creatures vanquished.

Vanquished Creatures (others)
  2 jackals (D:1)
  A bat (D:1)
  A giant newt (D:1)
  A goblin (D:1)
  2 kobolds
  A rat (D:1)
8 creatures vanquished.

Grand Total: 26 creatures vanquished

Notes
Turn   | Place    | Note
--------------------------------------------------------------
     0 | D:1      | Psiweapon, the Vine Stalker Healer, began the quest for the Orb.
     0 | D:1      | Reached XP level 1. HP: 9/9 MP: 1/1
    53 | D:1      | Reached skill level 1 in Fighting
   197 | D:1      | Reached skill level 3 in Invocations
   270 | D:1      | Reached XP level 2. HP: 14/14 MP: 4/4
   340 | D:1      | Reached skill level 1 in Stealth
   918 | D:2      | Reached XP level 3. HP: 15/18 MP: 3/6
  1233 | D:2      | Noticed Sigmund
  1242 | D:2      | Slain by Sigmund

Action                   || total
-------------------------++-------
Melee: Unarmed           ||    16
       Dagger            ||    92
Invok: Lesser Healing    ||    51
